 Dungeon Crawl Stone Soup version 0.22-a0-565-gfc6459a (webtiles) character file.

7 Gospel the Firebug (level 2, -1/15 HPs)
             Began as a Gargoyle Fire Elementalist on June 28, 2018.
             Slain by a dart slug (2 damage)
             ... on level 1 of the Dungeon.
             The game lasted 00:00:43 (119 turns).

Gospel the Firebug (Gargoyle Fire Elementalist)      Turns: 119, Time: 00:00:43

Health: -1/15      AC:  4    Str: 11    XL:     2   Next: 0%
Magic:  0/5        EV: 12    Int: 15    God:
Gold:   0          SH:  0    Dex: 10    Spells: 4/5 levels left

rFire    . . .     SeeInvis .   (no weapon)
rCold    . . .     Gourm    .   (no shield)
rNeg     + . .     Faith    .   a - +0 robe
rPois    ∞         Spirit   .   (no helmet)
rElec    +         Reflect  .   (no cloak)
rCorr    .         Harm     .   (no gloves)
MR       .....                  (no boots)
Stlth    ++........             (no amulet)
HPRegen  0.05/turn              (no ring)
MPRegen  0.09/turn              (no ring)

@: no status effects
A: negative energy resistance 1, electricity resistance, unbreathing,
petrification resistance, rot immunity, AC +2
a: no special abilities


You were on level 1 of the Dungeon.
You were not hungry.

You visited 1 branch of the dungeon, and saw 1 of its levels.

Inventory:

Armour
 a - a +0 robe (worn)
Comestibles
 c - 2 rations


   Skills:
 - Level 1.5 Dodging
 - Level 2.1 Stealth
 + Level 2.2 Spellcasting
 + Level 1.5 Conjurations
 + Level 3.1 Fire Magic


You had 4 spell levels left.
You knew the following spells:

 Your Spells              Type           Power        Failure   Level  Hunger
a - Flame Tongue          Conj/Fire      #....        9%          1    #......

Your spell library contained the following spells:

 Spells                   Type           Power        Failure   Level  Hunger
 Fireball                 Conj/Fire      #.........   93%         5    ######.
 Conjure Flame            Conj/Fire      #.......     26%         3    ###....
 Throw Flame              Conj/Fire      #.....       13%         2    ###....
 Sticky Flame             Conj/Fire      #.......     63%         4    #####..
 Inner Flame              Hex/Fire       #.......     34%         3    ###....


Dungeon Overview and Level Annotations

Branches:
Dungeon (1/15)

Altars:


Innate Abilities, Weirdness & Mutations

You are resistant to torment.
Your stone body is resilient. (AC +2)
You are immune to poison.
You resist negative energy. (rN+)
You are resistant to electric shocks. (rElec)
You can survive without breathing.
You are immune to petrification.
You are immune to rotting.


Message History

Casting: Flame Tongue (safe; 9% risk of failure)
Confirm with . or Enter, or press ? or * to list all spells.
Aiming: Flame Tongue (safe; 9% risk of failure)
Press: ? - help, Shift-Dir - straight line, f - dart slug
Aim: a dart slug (moderately wounded, clinging)
The flame tongue hits the dart slug.
The dart slug is heavily wounded.
The dart slug closely misses you.
You hit the dart slug but do no damage.
The dart slug is heavily wounded.
The dart slug barely misses you.
You hit the dart slug but do no damage.
The dart slug is heavily wounded.
You hit the dart slug but do no damage.
The dart slug is heavily wounded.
The dart slug bites you but does no damage.
You hit the dart slug.
The dart slug is severely wounded.
The dart slug bites you.
You die...

#....#
########....#
#...........#
#...........#
#...........##
##............#
............#.#
........)...#...
.#####@##### ..#
###w######..#
#.........#
#....†....#
#.........#
#.........#
#.........#
..........#
...........#


You could see a dart slug.

Vanquished Creatures
  A ball python (D:1)
  A goblin (D:1)
  A hobgoblin (D:1)
  A bat (D:1)
  3 kobolds (D:1)
7 creatures vanquished.

Vanquished Creatures (others)
  A bat (D:1)
1 creature vanquished.

Grand Total: 8 creatures vanquished

Notes
Turn   | Place    | Note
-------+----------+-------------------------------------------
     0 | D:1      | Gospel the Gargoyle Fire Elementalist began the quest for the Orb.
     0 | D:1      | Reached XP level 1. HP: 10/10 MP: 3/3
   106 | D:1      | Reached XP level 2. HP: 7/15 MP: 0/5
   119 | D:1      | Slain by a dart slug

Vault maps used:
D:1:      dpeg_arrival_rooms_c, minmay_box_of_dots

Action                   || total
-------------------------++-------
Melee: Unarmed           ||    33
 Cast: Flame Tongue      ||     9
Armor: Robe              ||     9
Dodge: Dodged            ||    37

Table legend:
 A = Spawn XP
 B = Non-spawn XP
 C = Spawn XP percentage of total XP
 D = Spawn monster count
 E = Non-spawn monster count
 F = Spawn count percentage of total count
 G = Total turns spent on level
                    A         B        C        D         E        F      G
               +---------+---------+-------+---------+---------+-------+---------
         Total |       0 |      10 |   0.0 |       0 |       7 |   0.0 |   119
               +---------+---------+-------+---------+---------+-------+---------
           D:1 |       0 |      10 |   0.0 |       0 |       7 |   0.0 |   119
               +---------+---------+-------+---------+---------+-------+---------
